 Dungeon Crawl Stone Soup version 0.31-a0-1074-g0b22e4e0f1 (webtiles) character file.

Game seed: 12302590323165684347

96 Anonymone the Stinger (level 4, -9/30 HPs)
             Began as a Demonspawn Venom Mage on Dec 5, 2023.
             Killed from afar by Ijyb (19 damage)
             ... with a bolt of acid
             ... on level 3 of the Dungeon.
             The game lasted 00:04:30 (2035 turns).

Anonymone the Stinger (Demonspawn Venom Mage)       Turns: 2035, Time: 00:04:30

Health: -9/30      AC: -2    Str:  8    XL:     4   Next: 41%
Magic:  5/8        EV: 18    Int: 18    God:
Gold:   100        SH:  0    Dex: 16    Spells: 5/8 levels left

rFire   . . .        c - +0 dagger
rCold   . . .        (no shield)
rNeg    . . .        a - +0 robe
rPois   .            (helmet currently unavailable)
rElec   .            (cloak currently unavailable)
rCorr   .            (gloves currently unavailable)
SInv    .            (boots currently unavailable)
Will    .....        (no amulet)
Stlth   +++          (no ring)
HPRegen 0.25/turn    (no ring)
MPRegen 0.11/turn

%: no passive effects
@: agile, beast-form, corroded, very slightly contaminated
A: beast (slay +0), thin skeletal structure 1, ignite blood 1, powered by pain 1
a: Begin Untransformation


You were on level 3 of the Dungeon.
You were a hulking beast.
You visited 1 branch of the dungeon, and saw 3 of its levels.

You collected 100 gold pieces.

Inventory:

Hand Weapons
 c - a +0 dagger (weapon)
 e - a +1 whip of draining
Missiles
 j - 4 throwing nets
Armour
 a - a +0 robe (worn)
Talismans
 n - a beast talisman (active)
Scrolls
 d - a scroll of enchant weapon {unknown}
 f - a scroll of vulnerability {unknown}
 g - 2 scrolls of identify {unknown}
 h - a scroll of revelation {unknown}
 i - 5 scrolls of teleportation {unknown}
 m - a scroll of silence {unknown}
 o - a scroll of enchant armour {unknown}
Potions
 b - a potion of magic
 k - 4 potions of curing {unknown}
 l - a potion of invisibility {unknown}
 p - a potion of brilliance {unknown}


   Skills:
 - Level 2.7 Dodging
 - Level 1.7 Stealth
 - Level 2.7 Spellcasting
 - Level 0.8 Transmutations
 - Level 3.7 Poison Magic
 * Level 1.2 Shapeshifting


You had 5 spell levels left.
You knew the following spells:

 Your Spells              Type           Power      Damage    Failure   Level
a - Sting                 Tmut/Pois      40%        1d5       7%          1
b - Poisonous Vapours     Pois/Air       18%        N/A       12%         2

Your spell library contained the following spells:

 Spells                   Type           Power      Damage    Failure   Level
 Mephitic Cloud           Conj/Pois/Air  6%         N/A       30%         3
 Olgreb's Toxic Radiance  Pois           15%        N/A       36%         4


Dungeon Overview and Level Annotations

Branches:
Dungeon (3/15)

Altars:

Shops:
D:1 *

Annotations:
D:3 Ijyb


Innate Abilities, Weirdness & Mutations

You are a hulking beast.
Your limbs bulge with bestial killing power. (Slay +0)
You have a somewhat thin skeletal structure. (Dex +2, Stealth+)
Your demonic aura sometimes causes spilled blood to erupt in flames.
You sometimes gain a little power by taking damage.


Message History

Ijyb zaps a wand.
The bolt of acid hits you!!
Ouch! That really hurt!
* * * LOW HITPOINT WARNING * * *
You focus on the pain.
You feel agile all of a sudden. The acid corrodes you!
You closely miss Ijyb.
Ijyb is lightly wounded.
Ijyb barely misses you.
You are too injured to fight recklessly!
You are too injured to fight recklessly!
Casting: Sting (safe; 7% risk of failure)
Confirm with . or Enter, or press ? or * to list all spells.
Aiming: Sting (safe; 7% risk of failure)
Press: ? - help, Shift-Dir - straight line, f - Ijyb
Aim: Ijyb, wielding a +0 dagger, wearing a +0 ring mail and carrying a wand of acid (lightly wounded, 68% to hit)
The sting hits Ijyb but does no damage.
Ijyb is poisoned.
Ijyb is lightly wounded.
Ijyb closely misses you.
Casting: Sting (safe; 7% risk of failure)
Confirm with . or Enter, or press ? or * to list all spells.
Aiming: Sting (safe; 7% risk of failure)
Press: ? - help, Shift-Dir - straight line, f/p - Ijyb
Aim: Ijyb, wielding a +0 dagger, wearing a +0 ring mail and carrying a wand of acid (lightly wounded, poisoned, 68% to hit)
The sting misses Ijyb.
Ijyb zaps a wand.
The bolt of acid misses you.
You hear a shout!
Unknown command.
Casting: Sting (safe; 7% risk of failure)
Confirm with . or Enter, or press ? or * to list all spells.
Aiming: Sting (safe; 7% risk of failure)
Press: ? - help, Shift-Dir - straight line, f/p - Ijyb
Aim: Ijyb, wielding a +0 dagger, wearing a +0 ring mail and carrying a wand of acid (moderately wounded, poisoned, 68% to hit)
You miscast Sting.
You are very lightly contaminated with residual magic.
Nothing appears to happen.
Ijyb misses you.
You hit Ijyb but do no damage.
Ijyb is moderately wounded.
Ijyb zaps a wand.
The bolt of acid hits you!!
Ouch! That really hurt!
You die...

...........................
####'#####+#######<#######.
####.# ..#.# .....# #.#.#
...†)# #.#.# .....# #.#..
.....# #.### .....# #g#
####.# #h# #.## #######.#
#..## #.....#.#
##..###.....#.#.#...
#...........'...$.!..
#.#.........##.#'####
#.####.###### ..... #. #.#
....... .. #.# #......


You could see Ijyb (poisoned).

Vanquished Creatures
  Jessica (D:2)
  Natasha (D:3)
  A dart slug (D:1)
  An orc (D:3)
  3 endoplasms
  2 giant cockroaches (D:2)
  5 goblins
  A hobgoblin (D:3)
  2 quokkas
  8 ball pythons
  3 bats
  5 frilled lizards
  4 kobolds
  8 rats
45 creatures vanquished.

Notes
Turn   | Place    | Note
-------+----------+-------------------------------------------
     0 | D:1      | Anonymone the Demonspawn Venom Mage began the quest for the
                  | Orb.
     0 | D:1      | Reached XP level 1. HP: 13/13 MP: 3/3
   255 | D:1      | Gained mutation: You have a somewhat thin skeletal
                  | structure. (Dex +2, Stealth+) [demonic ancestry]
   255 | D:1      | Reached XP level 2. HP: 19/19 MP: 0/5
   687 | D:1      | Found Niubor's General Store.
   992 | D:1      | Learned a level 2 spell: Poisonous Vapours
  1061 | D:2      | Found a faded altar of an unknown god.
  1183 | D:2      | Gained mutation: Your demonic aura sometimes causes spilled
                  | blood to erupt in flames. [demonic ancestry]
  1183 | D:2      | Reached XP level 3. HP: 24/24 MP: 3/6
  1365 | D:2      | Noticed Jessica
  1373 | D:2      | Killed Jessica
  1694 | D:2      | Gained mutation: You sometimes gain a little power by
                  | taking damage. [demonic ancestry]
  1694 | D:2      | Reached XP level 4. HP: 28/30 MP: 8/8
  1874 | D:3      | Noticed Natasha
  1883 | D:3      | Killed Natasha
  1884 | D:3      | Reached skill level 1 in Shapeshifting
  2023 | D:3      | Noticed Ijyb
  2035 | D:3      | Killed from afar by Ijyb

Illustrated notes

Levels and vault maps discovered:
D:1:      roadster_arrival_rocket_large, layout_loops_ring, serial_shops,
          nicolae_shop_tiny_glass, palyth_stone_intersect,
          chequers_decorated_corner, serial_bayou_pond_e
D:2:      layout_loops_ring, serial_glass, glass_columns_b, glass_columns_a,
          dreamdust_ecumenical_altar_angels_and_demons, st_stairs_13,
          uniq_jessica
D:3:      layout_basic, uniq_ijyb, uniq_natasha

Skill      XL: |  1  2  3  4 |
---------------+-------------+-----
Dodging        | 2 |  2.7
Shapeshifting  | 1 |  1.2
Stealth        | |  1.7
Spellcasting   | |  2.7
Transmutations | |  0.8
Poison Magic   | |  3.7

Action                     |  1- 3 |  4- 6 || total
---------------------------+-------+-------++-------
  Melee: Dagger            |    42 |    12 ||    54
   Cast: Sting             |    39 |     8 ||    47
         Poisonous Vapours |     1 |       ||     1
   Stab: Sleeping          |     8 |     1 ||     9
 Armour: Robe              |    20 |    12 ||    32
  Dodge: Dodged            |    36 |    10 ||    46
   Form: Beast             |     1 |       ||     1

Table legend: (Time is in decaauts)
 A = Elapsed time spent in this place.
 B = Non-inter-level travel time spent in this place.
 C = Inter-level travel time spent in this place.
 D = Time resting spent in this place.
 E = Time spent auto-exploring this place.
 F = Levels seen in this place.
 G = Mean time per level.
                   A        B        C        D        E       F      G
               +--------+--------+--------+--------+--------+-----+--------+
         Total |   2035 |   2016 |     19 |     84 |   1641 |   3 |  678.3 |
       Dungeon |   2035 |   2016 |     19 |     84 |   1641 |   3 |  678.3 |
               +--------+--------+--------+--------+--------+-----+--------+

Top non-repeatable levels by time:
     D:1: 1007 daAuts
     D:2: 832 daAuts
     D:3: 195 daAuts
